 Dungeon Crawl Stone Soup version 0.25.1-11-g244df3a29b (webtiles) character file.

Game seed: 3001048117816879943

1202 tkbsonic5 the Insei (level 8, -9/67 HPs)
             Began as a Gnoll Monk on Jan 23, 2023.
             Was a High Priest of Jiyva.
             Killed by divine providence
             ... invoked by an orc priest
              (14 damage)
             ... on level 7 of the Dungeon on Jan 24, 2023.
             The game lasted 00:24:05 (5661 turns).

tkbsonic5 the Insei (Gnoll Monk)                    Turns: 5661, Time: 00:24:06

Health: -9/67      AC: 14    Str: 15    XL:     8   Next: 44%
Magic:  12/12      EV: 15    Int: 13    God:    Jiyva [*****.]
Gold:   175        SH:  0    Dex: 16    Spells: 7/13 levels left

rFire    . . .     SeeInvis +   a - +3 falchion (protect)
rCold    . . .     Gourm    .   (no shield)
rNeg     . . .     Faith    .   d - +0 ring mail
rPois    .         Spirit   .   e - +1 hat
rElec    .         Reflect  .   f - +2 cloak
rCorr    +         Harm     .   p - +0 pair of gloves
MR       .....                  l - +0 pair of boots
Stlth    ++........             (no amulet)
HPRegen  0.21/turn              (no ring)
MPRegen  0.13/turn              (no ring)

@: no status effects
A: distributed training, fangs 1, horns 1, iridescent scales 1, see invisible,
dopey 1, strong nose
a: Request Jelly, Slimify, Cure Bad Mutation, Renounce Religion


You were on level 7 of the Dungeon.
You worshipped Jiyva.
Jiyva was extremely pleased with you.
You were completely stuffed.

You visited 1 branch of the dungeon, and saw 7 of its levels.

You collected 175 gold pieces.

Inventory:

Hand Weapons
 a - a +3 falchion of protection (weapon)
Armour
 c - a +0 leather armour
 d - a +0 ring mail (worn)
 e - a +1 hat (worn)
 f - a +2 cloak (worn)
 l - a +0 pair of boots (worn)
 p - a +0 pair of gloves (worn)
Scrolls
 h - a scroll of identify
Potions
 i - a potion of flight
Comestibles
 b - 8 rations
 g - 3 chunks of flesh


   Skills:
 + Level 7.3 Fighting
 + Level 3.2 Short Blades
 + Level 3.2 Long Blades
 + Level 3.2 Axes
 + Level 3.2 Maces & Flails
 + Level 3.2 Polearms
 + Level 3.2 Staves
 + Level 3.2 Slings
 + Level 3.2 Bows
 + Level 3.2 Crossbows
 + Level 3.2 Throwing
 + Level 3.2 Armour
 + Level 7.3 Dodging
 + Level 5.3 Stealth
 + Level 3.2 Shields
 + Level 7.3 Unarmed Combat
 + Level 3.2 Spellcasting
 + Level 2.6 Conjurations
 + Level 2.6 Hexes
 + Level 2.6 Charms
 + Level 2.6 Summonings
 + Level 2.6 Necromancy
 + Level 2.6 Translocations
 + Level 2.6 Transmutations
 + Level 2.6 Fire Magic
 + Level 2.6 Ice Magic
 + Level 2.6 Air Magic
 + Level 2.6 Earth Magic
 + Level 2.6 Poison Magic
 + Level 3.5 Invocations
 + Level 3.2 Evocations


You had 7 spell levels left.
You knew the following spells:

 Your Spells              Type           Power        Failure   Level  Hunger
a - Summon Small Mammal   Summ           #...         14%         1    #......
b - Call Imp              Summ           #.......     22%         2    ##.....
c - Call Canine Familiar  Summ           #.......     41%         3    ###....

Your spell library contained the following spells:

 Spells                   Type           Power        Failure   Level  Hunger
 Summon Guardian Golem    Hex/Summ       #.......     41%         3    ###....
 Summon Ice Beast         Ice/Summ       #.......     82%         4    #####..
 Summon Lightning Spire   Summ/Air       #.......     82%         4    #####..


Dungeon Overview and Level Annotations

Branches:
Dungeon (7/15)             Temple (0/1) D:6

Altars:
Cheibriados
Elyvilon
Gozag
Kikubaaqudgha
Okawaru
Qazlal
Trog
Xom
Yredelemnul
The Shining One
Jiyva

Annotations:
D:6 2 transporters, Menkaure
D:7 Harold


Innate Abilities, Weirdness & Mutations

Your experience applies equally to all skills.
You have very sharp teeth.
Your uncanny sense of smell can sniff out nearby items.
You have a pair of small horns on your head.
You are partially covered in iridescent scales. (AC +2)
You have supernaturally acute eyesight. (SInv)
You are dopey. (Int -2)


Message History

Harold pauses a moment, imagining something with a smile on his face.
Harold hits you with a +0 glaive.
* * * LOW HITPOINT WARNING * * *
The orc priest mumbles some strange prayers to Beogh against you.
Beogh smites you!
* * * LOW HITPOINT WARNING * * *
You feel less confused.
The orc priest invokes the aid of Beogh against you.
Pain shoots through your body!
* * * LOW HITPOINT WARNING * * *
Okay, then.
Okay, then.
Okay, then.
You swap places.
Harold zaps a wand.
The jelly is enslaved!
The jelly hits you but does no damage. The jelly trembles before you.
The orc priest calls down the wrath of Beogh upon you.
Beogh smites you!
You die...

..............<...
#.....#
.................#
#.._..#
...##...###......#
.......
...##...###......#
.#.###..
...##............#
#.#. .#
..###.##.#.......# +
.. ..
..###.##.#.......#
.................#
####..J......>..@#
#.####.###...####...
#. #.###..........
...#.JJ........
##..#.o@.#......
#..#....#.##...
............ ..
...#....#.... .
##..#.........


You could see Harold, a jelly (hexed), an orc priest and a neutral jelly
(wandering) (fellow slime).

Vanquished Creatures
  2 orc warriors
  A necrophage (D:2)
  2 ogres (D:4)
  3 bullfrogs
  2 howler monkeys (D:7)
  2 hounds
  2 orc priests
  A centaur skeleton (D:4)
  An orc wizard (D:2)
  5 worker ants
  4 gnolls
  7 adders
  An ooze (D:2)
  An adder skeleton (D:6)
  7 worms
  2 dart slugs (D:2)
  8 orcs
  3 giant cockroaches
  5 goblins
  5 hobgoblins (D:2)
  6 jackals
  3 kobolds
  3 quokkas
  5 bats
  6 frilled lizards (D:2)
  A goblin skeleton (D:6)
  A quokka zombie (D:5)
  2 rats
91 creatures vanquished.

Vanquished Creatures (others)
  An orc warrior (D:7)
  An ogre (D:6)
  A centaur (D:7)
  A crocodile (D:7)
  4 bullfrogs
  A big kobold (D:7)
  3 howler monkeys (D:7)
  A crimson imp (D:6)
  2 bullfrog zombies
  A hound (D:4)
  28 jellies
  3 orc priests
  An iron imp (D:6)
  8 orc wizards
  2 worker ants (D:4)
  2 oozes
  A howler monkey zombie (D:6)
  2 adders
  14 orcs
  2 giant cockroaches
  2 jackals (D:4)
  2 kobolds (D:7)
  3 quokkas
  A frilled lizard (D:4)
  A hobgoblin zombie (D:6)
  2 kobold skeletons (D:6)
  2 kobold zombies (D:6)
  2 leopard gecko skeletons
  An orc skeleton (D:6)
  3 orc zombies (D:6)
98 creatures vanquished.

Grand Total: 189 creatures vanquished

Notes
Turn   | Place    | Note
-------+----------+-------------------------------------------
     0 | D:1      | tkbsonic5 the Gnoll Monk began the quest for the Orb.
     0 | D:1      | Reached XP level 1. HP: 23/23 MP: 1/1
     7 | D:1      | You fall into a shaft and drop 1 floor!
    21 | D:2      | Reached XP level 2. HP: 25/29 MP: 2/2
   250 | D:2      | Reached XP level 3. HP: 35/35 MP: 3/3
   355 | D:2      | Noticed a necrophage
   372 | D:2      | Killed a necrophage
   372 | D:2      | Reached skill level 1 in Short Blades
   372 | D:2      | Reached skill level 1 in Long Blades
   372 | D:2      | Reached skill level 1 in Axes
   372 | D:2      | Reached skill level 1 in Maces & Flails
   372 | D:2      | Reached skill level 1 in Polearms
   372 | D:2      | Reached skill level 1 in Staves
   372 | D:2      | Reached skill level 1 in Slings
   372 | D:2      | Reached skill level 1 in Bows
   372 | D:2      | Reached skill level 1 in Crossbows
   372 | D:2      | Reached skill level 1 in Throwing
   372 | D:2      | Reached skill level 1 in Armour
   372 | D:2      | Reached skill level 1 in Shields
   372 | D:2      | Reached skill level 1 in Spellcasting
   372 | D:2      | Reached skill level 1 in Conjurations
   372 | D:2      | Reached skill level 1 in Hexes
   372 | D:2      | Reached skill level 1 in Charms
   372 | D:2      | Reached skill level 1 in Summonings
   372 | D:2      | Reached skill level 1 in Necromancy
   372 | D:2      | Reached skill level 1 in Translocations
   372 | D:2      | Reached skill level 1 in Transmutations
   372 | D:2      | Reached skill level 1 in Fire Magic
   372 | D:2      | Reached skill level 1 in Ice Magic
   372 | D:2      | Reached skill level 1 in Air Magic
   372 | D:2      | Reached skill level 1 in Earth Magic
   372 | D:2      | Reached skill level 1 in Poison Magic
   372 | D:2      | Reached skill level 1 in Invocations
   372 | D:2      | Reached skill level 1 in Evocations
   372 | D:2      | Reached XP level 4. HP: 21/41 MP: 3/5
   732 | D:2      | Reached XP level 5. HP: 46/47 MP: 6/6
  1385 | D:2      | HP: 1/47 [gnoll/cursed +0 spear (4)]
  2008 | D:3      | Reached XP level 6. HP: 51/53 MP: 8/8
  2245 | D:3      | Found a faded altar of an unknown god.
  2264 | D:3      | Became a worshipper of Jiyva Jocvaobo the Shapeless
  2264 | D:3      | Reached * piety under Jiyva
  2264 | D:3      | Reached ** piety under Jiyva
  2284 | D:3      | Reached *** piety under Jiyva
  2311 | D:3      | Gained mutation: Your flesh is cold resistant. (rC+)
                  | [Jiyva's grace]
  2844 | D:4      | Reached XP level 7. HP: 24/59 MP: 8/10
  2854 | D:4      | Reached **** piety under Jiyva
  2854 | D:4      | Gained mutation: You have a small jelly attached to you
                  | that senses nearby items. [Jiyva's grace]
  3307 | D:4      | Gained mutation: You are resistant to hostile enchantments.
                  | (MR+) [Jiyva's grace]
  3501 | D:4      | Found an opulent altar of Gozag.
  3532 | D:4      | Found an iron altar of Okawaru.
  3592 | D:5      | Entered Level 5 of the Dungeon
  4156 | D:5      | Found a shimmering altar of Xom.
  4156 | D:5      | Found a bloodstained altar of Trog.
  4158 | D:5      | Found a white marble altar of Elyvilon.
  4159 | D:5      | Lost mutation: Your flesh is cold resistant. (rC+) [potion
                  | of mutation]
  4159 | D:5      | Lost mutation: You have a small jelly attached to you that
                  | senses nearby items. [potion of mutation]
  4159 | D:5      | Gained mutation: You have a pair of small horns on your
                  | head. [potion of mutation]
  4159 | D:5      | Gained mutation: You are dopey. (Int -2) [potion of
                  | mutation]
  4159 | D:5      | Gained mutation: You are partially covered in iridescent
                  | scales. (AC +2) [potion of mutation]
  4289 | D:6      | Found a staircase to the Ecumenical Temple.
  4410 | D:6      | Lost mutation: You are resistant to hostile enchantments.
                  | (MR+) [Jiyva's grace]
  4747 | D:6      | Found a glowing golden altar of the Shining One.
  4867 | D:6      | Noticed a slime creature
  4867 | D:6      | an ogre changed into a slime creature
  4870 | D:6      | Reached skill level 5 in Stealth
  5013 | D:6      | Found a transporter.
  5034 | D:6      | Found an ancient bone altar of Kikubaaqudgha.
  5036 | D:6      | Found a transporter.
  5051 | D:6      | Noticed a hungry ghost
  5095 | D:6      | Found a stormy altar of Qazlal.
  5133 | D:6      | Found a basalt altar of Yredelemnul.
  5137 | D:6      | Noticed Menkaure
  5227 | D:6      | Reached XP level 8. HP: 67/67 MP: 12/12
  5332 | D:7      | Found a snail-covered altar of Cheibriados.
  5381 | D:7      | Noticed Harold
  5405 | D:7      | Learned a level 1 spell: Summon Small Mammal
  5408 | D:7      | Learned a level 2 spell: Call Imp
  5417 | D:7      | Learned a level 3 spell: Call Canine Familiar
  5580 | D:7      | Gained mutation: You have supernaturally acute eyesight.
                  | (SInv) [Jiyva's grace]
  5633 | D:7      | Reached ***** piety under Jiyva
  5661 | D:7      | Killed from afar by an orc priest

Illustrated notes

Levels and vault maps discovered:
D:1:      dpeg_arrival_simpleton_a, layout_basic
D:2:      layout_loops_ring, minmay_hedge_maze, dk_noncrumbling_3
D:3:      layout_rooms, chequers_ecumenical_altar_island
D:4:      layout_gridville, overflow_temple_1_default, lemuel_crystal_altar,
          guppyfry_early_orc_mine
D:5:      layout_basic, gammafunk_temple_overflow_claw, first_ration
D:6:      layout_gridville, nicolae_qazlal_eye_of_the_storm,
          nicolae_tso_besieged_by_evil, gammafunk_temple_of_torment,
          minmay_temple_entry_large_hall, serial_rivers,
          chequers_serial_rivers_room_a, chequers_serial_rivers_room_b,
          chequers_serial_rivers_room_a, chequers_serial_rivers_marsh,
          chequers_serial_rivers_room_a, chequers_serial_rivers_micro_d
D:7:      layout_basic, bloody_makhleb, cheibriados_altar_1, uniq_harold

Skill      XL: |  1  2  3  4  5  6  7  8 |
---------------+-------------------------+-----
Short Blades   | 1 2 3 |  3.2
Long Blades    | 1 2 3 |  3.2
Axes           | 1 2 3 |  3.2
Maces & Flails | 1 2 3 |  3.2
Polearms       | 1 2 3 |  3.2
Staves         | 1 2 3 |  3.2
Slings         | 1 2 3 |  3.2
Bows           | 1 2 3 |  3.2
Crossbows      | 1 2 3 |  3.2
Throwing       | 1 2 3 |  3.2
Armour         | 1 2 3 |  3.2
Shields        | 1 2 3 |  3.2
Spellcasting   | 1 2 3 |  3.2
Conjurations   | 1 2 |  2.6
Hexes          | 1 2 |  2.6
Charms         | 1 2 |  2.6
Summonings     | 1 2 |  2.6
Necromancy     | 1 2 |  2.6
Translocations | 1 2 |  2.6
Transmutations | 1 2 |  2.6
Fire Magic     | 1 2 |  2.6
Ice Magic      | 1 2 |  2.6
Air Magic      | 1 2 |  2.6
Earth Magic    | 1 2 |  2.6
Poison Magic   | 1 2 |  2.6
Invocations    | 1 2 3 |  3.5
Evocations     | 1 2 3 |  3.2
Fighting       | 7 |  7.3
Dodging        | 7 |  7.3
Unarmed Combat | 7 |  7.3
Stealth        | 5 |  5.3

Action                   |  1- 3 |  4- 6 |  7- 9 || total
-------------------------+-------+-------+-------++-------
Melee: Unarmed           |    58 |   133 |       ||   191
       Punch             |     5 |     5 |     8 ||    18
       Bite              |     5 |    23 |    19 ||    47
       Morningstar       |       |    17 |       ||    17
       Halberd           |       |     7 |       ||     7
       Dagger            |       |     6 |       ||     6
       Spear             |       |     5 |       ||     5
       Falchion          |       |    31 |   125 ||   156
       Headbutt          |       |       |    20 ||    20
Throw: Throwing net      |       |     1 |       ||     1
Invok: Request Jelly     |       |     5 |    27 ||    32
       Slimify           |       |       |     3 ||     3
  Use: Scroll            |     1 |     6 |     4 ||    11
       Potion            |       |     4 |     2 ||     6
 Stab: Sleeping          |     3 |     6 |     5 ||    14
       Held in net/web   |       |     1 |       ||     1
       Distracted        |       |       |     1 ||     1
  Eat: Chunk             |       |     5 |       ||     5
Armor: Robe              |     2 |       |       ||     2
       Leather armour    |       |    19 |       ||    19
       Ring mail         |       |     8 |    47 ||    55
Dodge: Dodged            |    29 |   161 |   101 ||   291
       Rpst.: Falchion   |       |     7 |    33 ||    40
